 Dungeon Crawl Stone Soup version 0.28-a0-1233-g92def6ad0a (webtiles) character file.

Game seed: 1933823006549806708

45 Grim the Poker (level 3, 29/29 HPs)
             Began as a Formicid Berserker on Dec 23, 2021.
             Was a Believer of Trog.
             Quit the game on level 2 of the Dungeon.
             The game lasted 00:02:45 (1705 turns).

Grim the Poker (Formicid Berserker)                 Turns: 1705, Time: 00:02:45

Health: 29/29      AC:  2    Str: 21    XL:     3   Next: 90%
Magic:  3/3        EV: 12    Int:  6    God:    Trog [**....]
Gold:   62         SH:  0    Dex: 12    Spells: 2/2 levels left

rFire   . . .      SeeInvis +   a - +0 spear
rCold   . . .      Faith    .   (no shield)
rNeg    . . .      Spirit   .   b - +0 animal skin
rPois   .          Reflect  .   (helmet unavailable)
rElec   .          Harm     .   (no cloak)
rCorr   .          Rampage  .   (no gloves)
Will    .....                   (no boots)
Stlth   +.........              (no amulet)
HPRegen 0.09/turn               (no ring)
MPRegen 0.08/turn               (no ring)

@: no status effects
A: permanent stasis, dig shafts and tunnels, antennae 3, four strong arms
a: Dig, Shaft Self, Renounce Religion, Trog's Hand


You were on level 2 of the Dungeon.
You worshipped Trog.
Trog was pleased with you.
You visited 1 branch of the dungeon, and saw 2 of its levels.

You collected 62 gold pieces.

Inventory:

Hand Weapons
 a - a +0 spear (weapon)
Armour
 b - a +0 animal skin (worn)
Scrolls
 c - a scroll of fog {unknown}
 f - a scroll of teleportation {unknown}
Potions
 d - 2 potions of lignification {unknown}
 e - a potion of haste {unknown}


   Skills:
 - Level 3.2 Fighting
 + Level 4.5 Polearms
 - Level 2.1 Armour
 - Level 1.7 Dodging


You had 2 spell levels left.
You didn't know any spells.
Your spell library was empty.

Dungeon Overview and Level Annotations

Branches:
Dungeon (2/15)

Altars:


Innate Abilities, Weirdness & Mutations

You cannot be hasted, slowed, berserked, paralysed or teleported.
You can dig through walls and to a lower floor.
You have a pair of large antennae on your head. (SInv)
Your four strong arms can wield two-handed weapons with a shield.


Message History

You hit the adder.
The adder is moderately wounded.
The adder bites you.
You are poisoned.
The adder poisons you!
You miss the adder.
The adder is moderately wounded.
You feel sick. The adder closely misses you.
You hit the adder.
The adder is severely wounded.
You feel sick. The adder bites you.
You closely miss the adder.
The adder is severely wounded.
You feel sick. The adder bites you but does no damage.
You hit the adder.
The adder is almost dead.
You feel sick.
You are no longer poisoned.
The adder bites you.
* * * LOW HITPOINT WARNING * * *
You closely miss the adder.
The adder is almost dead.
The adder closely misses you.
You hit the adder but do no damage.
The adder is almost dead.
The adder closely misses you. x2
You miss the adder.
The adder is almost dead.
The adder closely misses you.
You puncture the adder!
You kill the adder!
Trog accepts your kill.
No target in view!
A black bear comes into view.
Things that are here:
13 gold pieces; an adder corpse A black bear is nearby!
You now have 62 gold pieces (gained 13).
The black bear growls angrily.
Are you sure you want to abandon this character and quit the game? (Confirm with "yes".)

#...# # #...# #.
#...#
##.###...#####
...(.........###
..h............#
#.
#...........#.#
#. #.@.# #.# #.
#...# #.# #.###.
#..:# #.# #....
#...#
#.#####.##.
##.##
#<......... #.#
#####......
####.####
#.#....
#.......#
#.#....
##.##.##.#
#.#....


You could see a black bear.

Vanquished Creatures
  An adder (D:2)
  A dart slug (D:1)
  4 bats (D:1)
  2 endoplasms (D:1)
  3 giant cockroaches (D:1)
  2 goblins (D:1)
  4 hobgoblins
  2 jackals (D:1)
  2 kobolds
  2 quokkas
  4 ball pythons
  A frilled lizard (D:1)
  2 rats (D:1)
30 creatures vanquished.

Notes
Turn   | Place    | Note
-------+----------+-------------------------------------------
     0 | D:1      | Grim the Formicid Berserker began the quest for the Orb.
     0 | D:1      | Reached XP level 1. HP: 18/18 MP: 1/1
   161 | D:1      | Reached XP level 2. HP: 24/24 MP: 2/2
   393 | D:1      | Reached skill level 4 in Polearms
   393 | D:1      | Reached XP level 3. HP: 9/29 MP: 3/3
  1262 | D:1      | Found a faded altar of an unknown god.
  1442 | D:2      | Reached ** piety under Trog
  1703 | D:2      | Noticed a black bear
  1705 | D:2      | Quit the game

Illustrated notes

Levels and vault maps discovered:
D:1:      minmay_arrival_up_and_down, layout_loops_corners,
          hellmonk_ecumenical_altar_inner_sanctum, palyth_stone_intersect,
          kennysheep_small_spiral
D:2:      layout_loops_cross, serial_shops, shop_statue

Skill      XL: |  1  2 |
---------------+-------+-----
Polearms       | 4 |  4.5
Fighting       | |  3.2
Armour         | |  2.1
Dodging        | |  1.7

Action                   || total
-------------------------++-------
Melee: Spear             ||   122
 Stab: Sleeping          ||     2
Armor: Animal skin       ||    17
Dodge: Dodged            ||    51

Table legend: (Time is in decaauts)
 A = Elapsed time spent in this place.
 B = Non-inter-level travel time spent in this place.
 C = Inter-level travel time spent in this place.
 D = Time resting spent in this place.
 E = Time spent auto-exploring this place.
 F = Levels seen in this place.
 G = Mean time per level.
                   A        B        C        D        E       F      G
               +--------+--------+--------+--------+--------+-----+--------+
         Total |   1693 |   1632 |     61 |    329 |   1054 |   2 |  846.5 |
       Dungeon |   1693 |   1632 |     61 |    329 |   1054 |   2 |  846.5 |
               +--------+--------+--------+--------+--------+-----+--------+

Top non-repeatable levels by time:
     D:1: 1318 daAuts
     D:2: 374 daAuts
